 Dungeon Sprint DCSS version 0.16-a0-5-g756871a (webtiles) character file.

11743 BluebellGnoll the Basher (level 11, -18/119 HPs)
             Began as an Ogre Venom Mage on Aug 2, 2014.
             Was the Champion of Okawaru.
             Demolished by a white ugly thing (31 damage)
             ... in the Dungeon (Sprint IX: "|||||||||||||||||||||||||||||") on Aug 3, 2014.
             The game lasted 00:32:56 (2604 turns).

BluebellGnoll the Basher (Ogre Venom Mage)          Turns: 2604, Time: 00:32:56

HP -18/119       AC  6     Str 21      XL: 11   Next: 82%
MP  31/32        EV 14     Int 20      God: Okawaru [******]
Gold 25          SH  0     Dex 10      Spells:  5 memorised, 21 levels left

rFire  . . .     SeeInvis .     A - +1 rod of destruction (2/10)
rCold  . . .     Clarity  .     a - +0 robe
rNeg   . . .     rCorr    .     (shield restricted)
rPois  .         rRot     .     v - +2 hat {Int+3}
rElec  .         Spirit   .     p - +0 cloak
SustAb .         Warding  .     (gloves unavailable)
rMut   .         NoTele   +     (boots unavailable)
Gourm  .                        (no amulet)
MR     +....                    r - +3 ring of strength
                                q - +3 ring of strength

@: somewhat resistant to hostile enchantments, very unstealthy
A: unfitting armour, tough skin 1
a: Heroism, Finesse, Renounce Religion


You were in the Dungeon.
You worshipped Okawaru.
Okawaru was exalted by your worship.
You were not hungry.

You visited 1 branch You collected 1925 gold pieces.
You spent 1900 gold pieces at shops.

Inventory:

Hand weapons
 u - the +4 longbow of the Beginning {velocity, rF+}
   (Okawaru gifted it to you in the Dungeon)

   Any arrow fired from it inflicts extra damage.
   It protects you from fire.
 C - the +4 giant club of the Dungeon {flame, Dex+3}
   (Okawaru gifted it to you in the Dungeon)

   It emits flame when wielded, causing extra injury to most foes and up to
   double damage against particularly susceptible opponents.
   It affects your dexterity (+3).
 J - the +8 quarterstaff of Evil {flame, rC+}
   (You found it in the Dungeon)

   It emits flame when wielded, causing extra injury to most foes and up to
   double damage against particularly susceptible opponents.
   It protects you from cold.
Missiles
 w - 6 large rocks
 y - 11 stones
 B - 11 tomahawks (quivered)
 E - 6 tomahawks of returning
Armour
 a - a +0 robe (worn)
 p - a +0 cloak (worn)
 v - a +2 hat of intelligence (worn)
Magical devices
 l - a wand of draining (0)
Comestibles
 c - 13 meat rations
 x - 38 fruits
 z - 12 bread rations
Scrolls
 i - 4 scrolls of blinking
 j - 4 scrolls of remove curse
 k - 2 scrolls of amnesia
 n - 4 scrolls of enchant weapon
 s - 4 scrolls of enchant armour
 M - a scroll of fog
 N - a scroll of recharging
Jewellery
 q - a +3 ring of strength (left hand)
 r - a +3 ring of strength (right hand)
 G - an uncursed ring of protection from cold
 H - an uncursed ring of see invisible
 I - an uncursed ring of protection from magic
Potions
 d - 9 potions of curing
 e - 6 potions of heal wounds
 f - a potion of restore abilities
 g - 4 potions of magic
 h - a potion of agility
 K - a potion of berserk rage
 L - a potion of brilliance
Books
 b - a Young Poisoner's Handbook

   Spells                             Type                      Level
   *Sting                             Conjuration/Poison           1
   *Cure Poison                       Poison                       2
   *Mephitic Cloud                    Conjuration/Poison/Air       3
   *Olgreb's Toxic Radiance           Poison                       4
   *Venom Bolt                        Conjuration/Poison           5
Magical staves
 m - an uncursed staff of energy
Miscellaneous
 D - a lamp of fire
 F - a box of beasts
Rods
 A - a +1 rod of destruction (2/10) (weapon)
   (You bought it in a shop in the Dungeon)


   Skills:
 - Level 10.9 Fighting
 - Level 14.9 Maces & Flails
 * Level 10.4 Throwing
 - Level 11.1 Dodging
 - Level 1.5 Stealth
 - Level 13.0 Spellcasting
 - Level 10.0 Conjurations
 - Level 8.6 Poison Magic
 * Level 2.7 Evocations


You had 21 spell levels left.
You knew the following spells:

 Your Spells              Type           Power        Failure   Level  Hunger
a - Sting                 Conj/Pois      ####         1%          1    None
b - Cure Poison           Pois           #####.....   1%          2    None
c - Mephitic Cloud        Conj/Pois/Air  #####...     1%          3    None
d - Olgreb's Toxic Radia  Pois           #####...     1%          4    None
e - Venom Bolt            Conj/Pois      ######....   3%          5    ###....


Dungeon Overview and Level Annotations

Branches:
Dungeon (1/1)

Altars:
Cheibriados
Dithmenos
Elyvilon
Fedhas
Gozag
Kikubaaqudgha
Makhleb
Nemelex Xobeh
Okawaru
Qazlal
Sif Muna
Trog
Vehumet
Xom
Yredelemnul
Zin
The Shining One
Beogh
Jiyva
Lugonu

Shops:
D }(([


Innate Abilities, Weirdness & Mutations

You are too large for most types of armour.
You have tough skin (AC +1).


Message History

The bolt of poison hits the white ugly thing.
The white ugly thing is poisoned.
The white ugly thing is severely wounded.
The bolt of poison misses the wight.
The bolt of poison hits the hippogriff.
The hippogriff is poisoned.
The hippogriff is heavily wounded.
The hippogriff is engulfed in noxious fumes.
The hippogriff appears confused.
The hippogriff bites the two-headed ogre.
The hippogriff pecks the two-headed ogre.
The hippogriff claws the two-headed ogre but does no damage.
The white ugly thing closely misses you.
Unknown command.
The hippogriff is engulfed in noxious fumes.
The hippogriff appears confused.
The hippogriff barely misses something.
The hippogriff pecks something!
The hippogriff claws something!
The white ugly thing stings you!
* * * LOW HITPOINT WARNING * * *
The white ugly thing freezes you!!
You die...

▓_▓.▓.▓.▓.▓.▓[▓
▓_▓.▓.▓.▓.▓.▓[▓
▓_▓.▓.▓.▓'▓.▓[▓
▓_▓.▓.▓.▓[▓.▓[▓
▓_▓.▓.▓.▓.▓.▓[▓
▓_▓.▓.▓.▓)▓.▓[▓
▓_▓.▓'▓.▓)▓.▓[▓
▓_▓.▓.▓.▓)▓.▓.▓
▓_▓.▓.▓.▓)▓.▓@▓
▓_▓.▓.▓.▓.▓.▓u▓
▓_▓.▓.▓.▓.▓.▓.▓
▓_▓.▓.▓.▓.▓.▓z▓
▓_▓.▓.▓.▓)▓.▓.▓
▓_▓.▓.▓.▓.▓.▓.▓
▓'▓.▓.▓.▓)▓.▓)▓
▓.▓.▓.▓.▓'▓.▓.▓
▓.▓.▓'▓.▓)▓.▓H▓


You could see a white ugly thing, a hippogriff (confused) and a wight.

Vanquished Creatures
  A centaur warrior (D)
  A tengu warrior (D)
  3 ogre magi (D)
  Erolcha (D)
  2 deep trolls (D)
  2 orc knights (D)
  A lindwurm (D)
  A hill giant (D)
  An elephant (D)
  A spiny frog (D)
  A fire drake (D)
  3 komodo dragons (D)
  An efreet (D)
  7 trolls (D)
  A two-headed ogre (D)
  A slime creature (D)
  A basilisk (D)
  A deep elf mage (D)
  A wraith (D)
  2 water moccasins (D)
  2 porcupines (D)
  12 orc warriors (D)
  An ogre (D)
  A boring beetle (D)
  2 centaurs (D)
  2 crocodiles (D)
  A giant frog (D)
  4 brain worms (D)
  A killer bee (D)
  4 orc priests (D)
  4 orc wizards (D)
  A hound (D)
  3 adders (D)
  4 worms (D)
  An ooze (D)
  6 orcs (D)
  A bat zombie (D)
  A jackal (D)
  2 giant newts (D)
  A kobold (D)
  2 rats (D)
89 creatures vanquished.

Notes
Turn   | Place    | Note
--------------------------------------------------------------
     0 | D        | BluebellGnoll, the Ogre Venom Mage, began the quest for the Orb.
     0 | D        | Reached XP level 1. HP: 16/16 MP: 3/3
    10 | D        | Reached skill level 3 in Spellcasting
    25 | D        | Reached skill level 4 in Spellcasting
   165 | D        | Noticed an orc priest
   168 | D        | Reached XP level 2. HP: 24/24 MP: 5/7
   185 | D        | Killed an orc priest
   185 | D        | Reached XP level 3. HP: 10/31 MP: 1/9
   200 | D        | Learned a level 3 spell: Mephitic Cloud
   203 | D        | Learned a level 2 spell: Cure Poison
   444 | D        | Found a glowing silver altar of Zin.
   444 | D        | Found a glowing golden altar of the Shining One.
   444 | D        | Found an ancient bone altar of Kikubaaqudgha.
   444 | D        | Found a basalt altar of Yredelemnul.
   444 | D        | Found a shimmering altar of Xom.
   444 | D        | Found a radiant altar of Vehumet.
   444 | D        | Found an iron altar of Okawaru.
   445 | D        | Found a burning altar of Makhleb.
   446 | D        | Found a deep blue altar of Sif Muna.
   447 | D        | Found a bloodstained altar of Trog.
   448 | D        | Found a sparkling altar of Nemelex Xobeh.
   449 | D        | Found a white marble altar of Elyvilon.
   450 | D        | Found a roughly hewn altar of Beogh.
   451 | D        | Found a viscous altar of Jiyva.
   452 | D        | Found a corrupted altar of Lugonu.
   453 | D        | Became a worshipper of Warmaster Okawaru
   497 | D        | Found a blossoming altar of Fedhas.
   498 | D        | Found a snail-covered altar of Cheibriados.
   499 | D        | Found a shadowy altar of Dithmenos.
   500 | D        | Found a stormy altar of Qazlal.
   501 | D        | Found an opulent altar of Gozag.
   522 | D        | Got the +3 war axe "Hellblazer" {holy, Dex-4 Int+1}
   541 | D        | Noticed a two-headed ogre
   541 | D        | Noticed a killer bee
   541 | D        | Noticed an ogre
   541 | D        | Noticed an orc wizard
   541 | D        | Noticed a deep elf mage
   542 | D        | Killed a killer bee
   542 | D        | Reached XP level 4. HP: 37/49 MP: 11/11
   543 | D        | Killed a two-headed ogre
   543 | D        | Acquired Okawaru's first power
   543 | D        | Reached skill level 9 in Fighting
   543 | D        | Reached XP level 5. HP: 42/67 MP: 13/13
   543 | D        | Reached XP level 6. HP: 47/76 MP: 15/15
   543 | D        | Killed an ogre
   543 | D        | Reached skill level 10 in Fighting
   543 | D        | Reached skill level 11 in Maces & Flails
   546 | D        | Killed an orc wizard
   549 | D        | Killed a deep elf mage
   549 | D        | Reached XP level 7. HP: 52/87 MP: 17/17
   681 | D        | Noticed a centaur warrior
   681 | D        | Noticed a centaur
   681 | D        | Noticed an efreet
   681 | D        | Noticed a wraith
   681 | D        | Noticed a centaur
   691 | D        | Killed a centaur warrior
   691 | D        | Reached XP level 8. HP: 12/96 MP: 13/18
   691 | D        | Killed a centaur
   696 | D        | Killed an efreet
   696 | D        | Reached skill level 10 in Dodging
   700 | D        | Killed a wraith
   705 | D        | Killed a centaur
   844 | D        | Learned a level 4 spell: Olgreb's Toxic Radiance
   850 | D        | Learned a level 5 spell: Venom Bolt
  1004 | D        | Noticed a spiny frog
  1004 | D        | Noticed a crocodile
  1004 | D        | Noticed a water moccasin
  1004 | D        | Noticed a porcupine
  1004 | D        | Noticed a porcupine
  1004 | D        | Noticed a basilisk
  1006 | D        | Noticed a komodo dragon
  1006 | D        | Killed a spiny frog
  1006 | D        | Reached XP level 9. HP: 102/102 MP: 14/20
  1010 | D        | Noticed a hound
  1011 | D        | Killed a crocodile
  1012 | D        | Killed a water moccasin
  1014 | D        | Killed a porcupine
  1014 | D        | Acquired Okawaru's second power
  1019 | D        | Killed a porcupine
  1023 | D        | Killed a komodo dragon
  1025 | D        | Killed a basilisk
  1027 | D        | Killed a hound
  1027 | D        | Reached skill level 10 in Conjurations
  1029 | D        | Received a gift from Okawaru
  1030 | D        | Got a bloodstained longbow {god gift}
  1031 | D        | Identified the +4 longbow of the Beginning {velocity, rF+} (Okawaru gifted it to you in the Dungeon)
  1105 | D        | Noticed a komodo dragon
  1105 | D        | Noticed an elephant
  1105 | D        | Noticed a crocodile
  1105 | D        | Noticed a giant frog
  1105 | D        | Noticed a water moccasin
  1105 | D        | Noticed a fire drake
  1111 | D        | Noticed a komodo dragon
  1112 | D        | Noticed a boring beetle
  1114 | D        | Killed an elephant
  1116 | D        | Killed a komodo dragon
  1119 | D        | Killed a giant frog
  1122 | D        | Killed a crocodile
  1131 | D        | Killed a water moccasin
  1135 | D        | Killed a fire drake
  1135 | D        | Received a gift from Okawaru
  1135 | D        | Reached XP level 10. HP: 100/111 MP: 1/21
  1136 | D        | Killed a komodo dragon
  1139 | D        | Killed a boring beetle
  1266 | D        | Upgraded the game from 0.15-a0-2388-g9f833ab to 0.16-a0-5-g756871a
  1271 | D        | Noticed a brain worm
  1271 | D        | Noticed a brain worm
  1271 | D        | Noticed a brain worm
  1271 | D        | Noticed a brain worm
  1274 | D        | Killed a brain worm
  1275 | D        | Noticed a lindwurm
  1286 | D        | Killed a brain worm
  1290 | D        | Killed a brain worm
  1290 | D        | Reached skill level 12 in Maces & Flails
  1298 | D        | Killed a brain worm
  1302 | D        | Killed a lindwurm
  1302 | D        | Reached skill level 13 in Maces & Flails
  1360 | D        | Noticed Erolcha
  1374 | D        | Killed Erolcha
  1374 | D        | Reached skill level 14 in Maces & Flails
  1502 | D        | Noticed an orc priest
  1502 | D        | Noticed an orc priest
  1502 | D        | Noticed an orc warrior
  1502 | D        | Noticed an orc warrior
  1502 | D        | Noticed an orc warrior
  1503 | D        | Noticed an orc priest
  1506 | D        | Killed an orc priest
  1509 | D        | Killed an orc priest
  1522 | D        | Killed an orc warrior
  1527 | D        | Killed an orc warrior
  1531 | D        | Killed an orc warrior
  1534 | D        | Killed an orc priest
  1534 | D        | Reached skill level 5 in Spellcasting
  1556 | D        | Noticed an orc wizard
  1565 | D        | Killed an orc wizard
  1572 | D        | Noticed an orc wizard
  1582 | D        | Killed an orc wizard
  1596 | D        | Noticed an orc wizard
  1602 | D        | Killed an orc wizard
  1716 | D        | Noticed an orc warrior
  1716 | D        | Noticed an orc knight
  1716 | D        | Noticed an orc warrior
  1716 | D        | Noticed an orc warrior
  1716 | D        | Noticed an orc warrior
  1716 | D        | Noticed an orc warrior
  1724 | D        | Killed an orc warrior
  1728 | D        | Noticed an orc warrior
  1730 | D        | Noticed an orc warrior
  1734 | D        | Killed an orc knight
  1734 | D        | Reached skill level 5 in Poison Magic
  1735 | D        | Noticed an orc knight
  1737 | D        | Killed an orc warrior
  1737 | D        | Killed an orc warrior
  1739 | D        | Noticed an orc warrior
  1745 | D        | Noticed an orc warrior
  1745 | D        | Killed an orc warrior
  1748 | D        | Killed an orc warrior
  1754 | D        | Killed an orc knight
  1754 | D        | Reached XP level 11. HP: 83/119 MP: 11/25
  1762 | D        | Killed an orc warrior
  1763 | D        | Killed an orc warrior
  1772 | D        | Killed an orc warrior
  1775 | D        | Killed an orc warrior
  1778 | D        | Found Kliusked's Gadget Emporium.
  1778 | D        | Noticed a troll
  1778 | D        | Noticed a deep troll
  1778 | D        | Noticed a troll
  1778 | D        | Noticed a troll
  1778 | D        | Noticed an ogre mage
  1778 | D        | Noticed a troll
  1782 | D        | Noticed an ogre mage
  1789 | D        | Killed a troll
  1800 | D        | Killed a deep troll
  1805 | D        | Killed a troll
  1805 | D        | Received a gift from Okawaru
  1812 | D        | Killed a troll
  1814 | D        | Killed a troll
  1826 | D        | Found Brulug's Weapon Shoppe.
  1829 | D        | Found Plazau's Weapon Emporium.
  1833 | D        | Killed an ogre mage
  1834 | D        | Killed an ogre mage
  1835 | D        | Noticed a hill giant
  1838 | D        | Killed a hill giant
  1838 | D        | Reached skill level 10 in Spellcasting
  1839 | D        | Found Wugg's Antique Armour Shoppe.
  1839 | D        | Noticed a troll
  1840 | D        | Noticed a deep troll
  1841 | D        | Noticed a troll
  1842 | D        | Killed a troll
  1847 | D        | Noticed an ogre mage
  1853 | D        | Noticed a troll
  1854 | D        | Killed a deep troll
  1860 | D        | Killed a troll
  1862 | D        | Killed an ogre mage
  1880 | D        | Killed a troll
  1944 | D        | Received a gift from Okawaru
  1945 | D        | Got a jewelled giant club {god gift}
  2011 | D        | Bought a +1 rod of destruction (10/10) for 1040 gold pieces
  2011 | D        | Bought a lamp of fire for 520 gold pieces
  2016 | D        | Bought 6 tomahawks of returning for 60 gold pieces
  2016 | D        | Bought 4 tomahawks for 20 gold pieces
  2021 | D        | Bought a box of beasts for 260 gold pieces
  2288 | D        | Got the +8 quarterstaff of Evil {flame, rC+}
  2322 | D        | Identified the +4 giant club of the Dungeon {flame, Dex+3} (Okawaru gifted it to you in the Dungeon)
  2578 | D        | Noticed a slime creature
  2578 | D        | Noticed a tengu warrior
  2578 | D        | Noticed a white ugly thing
  2578 | D        | Noticed a wight
  2578 | D        | Noticed a hippogriff
  2578 | D        | Noticed a two-headed ogre
  2578 | D        | Noticed an orc warrior
  2582 | D        | Killed a slime creature
  2582 | D        | Reached skill level 1 in Evocations
  2583 | D        | Noticed a troll
  2591 | D        | Noticed a yaktaur captain
  2591 | D        | Killed a tengu warrior
  2591 | D        | Reached skill level 10 in Throwing
  2604 | D        | Demolished by a white ugly thing

Action                   |  1- 3 |  4- 6 |  7- 9 | 10-12 || total
-------------------------+-------+-------+-------+-------++-------
Melee: Unarmed           |    31 |       |       |       ||    31
       Short sword       |     3 |       |       |       ||     3
       Morningstar       |       |     2 |       |       ||     2
       Giant spiked club |       |       |    44 |    93 ||   137
       War axe           |       |       |     4 |       ||     4
       Giant club        |       |       |       |    13 ||    13
Throw: Stone             |       |       |       |    10 ||    10
       Tomahawk          |       |       |       |     7 ||     7
       Large rock        |       |       |       |     6 ||     6
 Cast: Sting             |    19 |       |     4 |       ||    23
       Mephitic Cloud    |       |       |     7 |    16 ||    23
       Cure Poison       |       |       |       |     1 ||     1
Invok: Heroism           |       |       |     3 |     3 ||     6
       Finesse           |       |       |     1 |     1 ||     2
Evoke: Wand              |       |     4 |     3 |       ||     7
       Rod               |       |       |       |     2 ||     2
  Use: Potion            |     2 |       |     2 |       ||     4
 Stab: Sleeping          |     1 |       |       |       ||     1
       Confused          |       |       |     4 |     9 ||    13
       Distracted        |       |       |       |     1 ||     1
  Eat: Chunk             |       |       |     2 |     5 ||     7
       Fruit             |       |       |       |     2 ||     2
